 Dungeon Crawl Stone Soup version 0.17-a0-1554-g3b847ca (webtiles) character file.

126 patman the Cudgeler (level 5, -3/32 HPs)
             Began as a Gargoyle Berserker on July 19, 2015.
             Was a Believer of Trog.
             Shot with a poisoned arrow by a centaur (8 damage)
             ... on level 4 of the Dungeon.
             The game lasted 00:03:00 (994 turns).

patman the Cudgeler (Gargoyle Berserker)             Turns: 994, Time: 00:03:00

Health: -3/32      AC: 14    Str: 20    XL:     5   Next: 10%
Magic:  5/5        EV:  8    Int:  8    God:    Trog [**....]
Gold:   57         SH:  0    Dex: 10    Spells: 0 memorised, 4 levels left

rFire  . . .     SeeInvis .     a - +0 mace
rCold  . . .     Clarity  .     q - +0 chain mail
rNeg   + . .     SustAt   .     (no shield)
rPois  ∞         Gourm    .     m - +2 hat
rElec  +         Spirit   .     (no cloak)
rCorr  .         Warding  .     (no gloves)
rMut   .         Stasis   .     (no boots)
MR     .....                    (no amulet)
Stlth  ..........               (no ring)
                                (no ring)

@: exhausted, not resistant to hostile enchantments, extremely unstealthy
A: negative energy resistance 1, electricity resistance, unbreathing,
petrification resistance, rot immunity, AC +4
a: Burn Spellbooks, Berserk, Trog's Hand, Renounce Religion


You were on level 4 of the Dungeon.
You worshipped Trog.
Trog was pleased with you.
You were very hungry.

You visited 1 branch of the dungeon, and saw 5 of its levels.

You collected 57 gold pieces.

Inventory:

Hand weapons
 a - a +0 mace (weapon)
 v - a +0 whip of venom
Missiles
 n - 32 stones (quivered)
Armour
 m - a +2 hat (worn)
 q - a +0 chain mail (worn)
Magical devices
 t - a wand of frost (25)
Scrolls
 b - a scroll of remove curse {unknown}
 d - a scroll of fear {unknown}
 g - a scroll of amnesia {unknown}
 h - a scroll of random uselessness {unknown}
 j - a scroll of fog
 l - a scroll of magic mapping {unknown}
 o - a scroll of immolation {unknown}
 p - a scroll of blinking {unknown}
Potions
 e - a potion of haste {unknown}
 i - a potion of curing {unknown}
 k - 2 potions of heal wounds {unknown}
Books
 u - a book of Unlife

   Spells                             Type                      Level
   a - Recall                         Summoning/Translocation      3
   b - Animate Dead                   Necromancy                   4
   c - Control Undead                 Necromancy                   4
   d - Cigotuvi's Embrace             Necromancy                   5
   e - Death Channel                  Necromancy                   6
   f - Simulacrum                     Ice/Necromancy               6
   Trog disapproves of the use of such an item.
Comestibles
 c - 2 bread rations
 f - 4 fruits
 r - a meat ration
 s - 2 chunks of flesh


   Skills:
 - Level 3.2 Fighting
 + Level 5.6 Maces & Flails
 - Level 2.1 Armour
 - Level 1.5 Dodging


You had 4 spell levels left.
You didn't know any spells.

Dungeon Overview and Level Annotations

Branches:
Dungeon (5/15)
 Temple: D:4-7

Altars:
Yredelemnul


Innate Abilities, Weirdness & Mutations

You are resistant to torment.
Your stone body is resilient (AC +4).
You are immune to poison.
You resist negative energy.
You are resistant to electric shocks.
You can survive without breathing.
You are immune to petrification.
You are immune to rotting.


Message History

Unknown command.
You escape the ball python's grasp.
The gnoll shouts!
The giant cockroach bites you but does no damage.
The gnoll sergeant hits you but does no damage.
The crimson imp shouts, "Decamp, thou puny bat-fowling puttock!"
The ball python bites you but does no damage.
The ball python barely misses you.
The giant cockroach bites you but does no damage.
The gnoll sergeant hits you but does no damage.
You climb upwards.
The kobold shouts! x2
The centaur shouts!
The worker ant twitches its antennae in your direction.
You feel yourself speed up.
The centaur wields a shortbow.
The centaur shoots a poisoned arrow.
The poisoned arrow hits you!
* * * LOW HITPOINT WARNING * * *
The centaur shoots a poisoned arrow.
The poisoned arrow hits you!
You die...

##........
###......... .
##.........K.
..#......c.....
#......K.......
#..............
...............
......s@.......
......S........
...............
........a......
...............
...............
...............
...............


You could see a centaur, a worker ant, a giant cockroach, a ball python and 2
kobolds.

Vanquished Creatures
  A giant frog skeleton (D:4)
  A worker ant (D:4)
  6 gnolls
  4 giant geckos
  3 bats
  2 goblins (D:1)
  A hobgoblin (D:1)
  3 kobolds
  3 rats
24 creatures vanquished.

Vanquished Creatures (others)
  A quokka (D:4)
1 creature vanquished.

Grand Total: 25 creatures vanquished

Notes
Turn   | Place    | Note
--------------------------------------------------------------
     0 | D:1      | patman the Gargoyle Berserker began the quest for the Orb.
     0 | D:1      | Reached XP level 1. HP: 14/14 MP: 1/1
   319 | D:2      | Reached XP level 2. HP: 19/19 MP: 2/2
   553 | D:2      | Found a basalt altar of Yredelemnul.
   593 | D:4      | Reached skill level 4 in Maces & Flails
   593 | D:4      | Reached XP level 3. HP: 12/23 MP: 3/3
   804 | D:4      | Reached XP level 4. HP: 26/28 MP: 4/4
   811 | D:4      | Noticed a hippogriff
   868 | D:4      | Reached skill level 5 in Maces & Flails
   923 | D:4      | Acquired Trog's second power
   951 | D:5      | Entered Level 5 of the Dungeon
   954 | D:5      | Noticed a gnoll sergeant
   967 | D:5      | Reached XP level 5. HP: 21/32 MP: 5/5
   994 | D:4      | Noticed a centaur
   994 | D:4      | Shot with a poisoned arrow by a centaur

Vault maps used:
D:1:      dpeg_arrival_shelter, serial_forest, infiniplex_forest_straight_2,
          infiniplex_forest_end_2, infiniplex_forest_zigzag_1,
          infiniplex_forest_straight_1, infiniplex_forest_clump_diagonal
D:2:      lemuel_upstairs_altar, gammafunk_temple_overflow_wave, first_bread
D:4:      elyvilon_altar_4, minmay_temple_entry_hall, lightli_corner_chamber

Action                   |  1- 3 |  4- 6 || total
-------------------------+-------+-------++-------
Melee: Mace              |    50 |    33 ||    83
Invok: Berserk           |       |     2 ||     2
  Use: Scroll            |     1 |       ||     1
  Eat: Chunk             |       |     1 ||     1
